 Dungeon Crawl Stone Soup version 0.25-a0-404-gc1b5a34292 (webtiles) character file.

Game seed: 7448912604993729952, levelgen mode: deterministic

742333 Karazaar the Pyromancer (level 27, -16/182 HPs)
             Began as a Gargoyle Earth Elementalist on Jan 11, 2020.
             Was the Champion of Vehumet.
             Collided with a Brimstone Fiend (36 damage)
             ... caused by Wocutousm the pandemonium lord
             ... on level 15 of a ziggurat.
             The game lasted 05:20:54 (77741 turns).

Karazaar the Pyromancer (GrEE)                     Turns: 77741, Time: 05:20:54

Health: -16/182    AC: 42    Str: 17 (19) XL:     27
Magic:  46/46      EV: 28    Int: 31 (33) God:    Vehumet [******]
Gold:   16808      SH:  8    Dex: 15 (17) Spells: 9/64 levels left

rFire    + + .     SeeInvis .   U - +10 morningstar "Rinaum" {drain, rF+ Int+3 Dex+3}
rCold    + + .     Gourm    +   w - +3 buckler {AC+3}
rNeg     + . .     Faith    .   E - +2 robe {Archmagi}
rPois    ∞         Spirit   .   v - +2 helmet {Int+3}
rElec    +         Reflect  .   g - scarf {rC+ rF+}
rCorr    .         Harm     .   o - +2 pair of gloves
MR       ++...                  j - +2 pair of boots {run}
Stlth    ..........             J - amulet of the gourmand
HPRegen  0.40/turn              m - +4 ring of protection
MPRegen  0.30/turn              P - ring "Guhaty" {Wiz rC+ Str+3 Dex+4 Stlth-}

@: silence (expiring), very slightly contaminated, hasted and slowed, studying
Maces & Flails, quick
A: big wings, claws 1, repulsion field 1, mutation resistance 1, negative energy
resistance 1, electricity resistance, strong 1, unbreathing, petrification
resistance, rot immunity, AC +20
}: 4/15 runes: decaying, serpentine, slimy, silver
a: Fly, Renounce Religion


You were on level 15 of a ziggurat.
You worshipped Vehumet.
Vehumet was exalted by your worship.
You were not hungry.

You visited 11 branches of the dungeon, and saw 53 of its levels.
You visited the Abyss 3 times.
You visited 1 ziggurat, and saw 15 of its levels.
You also visited: Ice Cave and Wizlab.

You collected 19909 gold pieces.
You spent 3101 gold pieces at shops.

Inventory:

Hand Weapons
 U - the +10 morningstar "Rinaum" (weapon) {drain, rF+ Int+3 Dex+3}
   (You took it off an ironheart preserver on level 2 of the Vaults)

   A truly terrible weapon, it drains the life of those it strikes.
   It affects your intelligence (+3).
   It affects your dexterity (+3).
   It protects you from fire.
Missiles
 f - 5 throwing nets (quivered)
 L - 40 silver javelins
Armour
 g - a scarf of resistance (worn)
 j - a +2 pair of boots of running (worn)
 o - a +2 pair of gloves (worn)
 v - a +2 helmet of intelligence (worn)
 w - a +3 buckler of protection (worn)
 E - a +2 robe of the Archmagi (worn)
Jewellery
 l - an uncursed ring of resist corrosion
 m - a +4 ring of protection (left hand)
 A - an uncursed ring of protection from fire
 G - the ring "Mocic" {rF+ rC+ MR+}
   (You found it on level 13 of a ziggurat)

   [ring of protection from fire]

   It protects you from fire.
   It protects you from cold.
   It affects your resistance to hostile enchantments.
 I - an uncursed ring of see invisible
 J - an amulet of the gourmand (around neck)
 P - the ring "Guhaty" (right hand) {Wiz rC+ Str+3 Dex+4 Stlth-}
   (You found it on level 9 of a ziggurat)

   [ring of wizardry]

   It improves your spell success rate.
   It affects your strength (+3).
   It affects your dexterity (+4).
   It protects you from cold.
   It makes you less stealthy.
Wands
 t - a wand of polymorph (14)
 B - a wand of acid (35)
 H - a wand of iceblast (47)
 Q - a wand of clouds (12)
 X - a wand of scattershot (7)
Scrolls
 b - 3 scrolls of holy word
 p - 9 scrolls of fog
 q - 28 scrolls of identify
 r - 2 scrolls of summoning
 s - 7 scrolls of amnesia
 u - 8 scrolls of enchant weapon
 z - 29 scrolls of remove curse
 K - 11 scrolls of teleportation
 N - 8 scrolls of blinking
 V - 5 scrolls of fear
 Y - 3 scrolls of magic mapping
Potions
 a - a potion of resistance
 c - 5 potions of berserk rage
 e - 2 potions of heal wounds
 h - 6 potions of might
 i - 10 potions of brilliance
 k - 19 potions of curing
 D - a potion of invisibility
 M - 4 potions of agility
 O - 3 potions of cancellation
 R - 8 potions of mutation
 Z - 3 potions of ambrosia
Books
 S - a manual of Maces & Flails
Miscellaneous
 n - 6 boxes of beasts
 y - a fan of gales
 C - a lamp of fire
 F - 8 phantom mirrors
Comestibles
 d - 61 rations


   Skills:
 + Level 21.3 Fighting
 - Level 16.1 Maces & Flails
 - Level 6.0 Armour
 + Level 18.5 Dodging
 - Level 2.1 Stealth
 - Level 5.0 Shields
 + Level 19.4 Spellcasting
 - Level 20.0 Conjurations
   Level 0.7 Transmutations
 - Level 22.0 Fire Magic
 + Level 13.2 Ice Magic
 - Level 22.0 Earth Magic
 - Level 6.0 Evocations


You had 9 spell levels left.
You knew the following spells:

 Your Spells              Type           Power        Failure   Level  Hunger
a - Shatter               Erth           ########..   1%          9    ######.
b - Stone Arrow           Conj/Erth      ######       0%          3    None
c - Lee's Rapid Deconstr  Erth           ########..   0%          5    None
d - Iron Shot             Conj/Erth      ########..   1%          6    None
e - Glaciate              Conj/Ice       ########..   14%         9    ######.
f - Starburst             Conj/Fire      ########..   1%          6    None
g - Ignition              Fire           ########..   1%          8    #####..
i - Fire Storm            Conj/Fire      ########..   2%          9    ######.

Your spell library contained the following spells:

 Spells                   Type           Power        Failure   Level  Hunger
 Chain Lightning          Conj/Air       #######...   14%         8    #####..
 Foxfire                  Conj/Fire      ####         0%          1    None
 Magic Dart               Conj           ####         0%          1    None
 Sandblast                Erth           ######       0%          1    None
 Shock                    Conj/Air       ####         0%          1    None
 Passwall                 Tmut/Erth      ########     0%          2    None
 Searing Ray              Conj           ######       0%          2    None
 Conjure Flame            Conj/Fire      ########     0%          3    None
 Sticky Flame             Conj/Fire      ########     0%          4    None
 Fireball                 Conj/Fire      ########..   0%          5    None
 Apportation              Tloc           #####.       1%          1    None
 Beastly Appendage        Tmut           ######       1%          1    None
 Corona                   Hex            #####..      1%          1    None
 Infusion                 Chrm           ####         1%          1    None
 Sting                    Tmut/Pois      ####         1%          1    None
 Summon Butterflies       Summ           #####...     1%          1    None
 Blink                    Tloc           N/A          1%          2    None
 Corpse Rot               Necr/Air       N/A          1%          2    None
 Ensorcelled Hibernation  Hex/Ice        ######       1%          2    None
 Poisonous Vapours        Pois/Air       #####.       1%          2    None
 Shroud of Golubria       Chrm/Tloc      #####.       1%          2    None
 Slow                     Hex            #####...     1%          2    None
 Song of Slaying          Chrm           #####...     1%          2    None
 Sticks to Snakes         Tmut           ######..     1%          2    None
 Swiftness                Chrm/Air       #####...     1%          2    None
 Confusing Touch          Hex            #####...     1%          3    None
 Dazzling Flash           Conj/Hex       ######       1%          3    None
 Gell's Gravitas          Tloc           #####.....   1%          3    None
 Ignite Poison            Fire/Tmut/Pois #######.     1%          3    None
 Inner Flame              Hex/Fire       #######.     1%          3    None
 Lesser Beckoning         Tloc           #####.....   1%          3    None
 Mephitic Cloud           Conj/Pois/Air  #######.     1%          3    None
 Ozocubu's Armour         Chrm/Ice       #######.     1%          3    None
 Portal Projectile        Hex/Tloc       #####.       1%          3    None
 Recall                   Summ/Tloc      N/A          1%          3    None
 Spectral Weapon          Hex/Chrm       #####...     1%          3    None
 Spider Form              Tmut/Pois      #####.....   1%          3    None
 Static Discharge         Conj/Air       #######.     1%          3    None
 Summon Guardian Golem    Hex/Summ       #####...     1%          3    None
 Tukima's Dance           Hex            #####...     1%          3    None
 Vampiric Draining        Necr           #####.....   1%          3    None
 Airstrike                Air            #####.....   1%          4    None
 Fulminant Prism          Conj/Hex       #######...   1%          4    None
 Ice Form                 Ice/Tmut       #######.     1%          4    None
 Iskenderun's Mystic Bla  Conj/Tloc      #######.     1%          4    None
 Leda's Liquefaction      Hex/Erth       #######...   1%          4    None
 Olgreb's Toxic Radiance  Pois           #####...     1%          4    None
 Petrify                  Tmut/Erth      ########     1%          4    None
 Summon Ice Beast         Ice/Summ       #######.     1%          4    None
 Borgnjor's Vile Clutch   Necr/Erth      #######...   1%          5    None
 Irradiate                Conj/Tmut      #######...   1%          5    None
 Lightning Bolt           Conj/Air       #######...   1%          5    None
 Metabolic Englaciation   Hex/Ice        #######...   1%          5    None
 Conjure Ball Lightning   Conj/Air       #######...   1%          6    None
 Freezing Cloud           Conj/Ice/Air   #######...   1%          6    None
 Ozocubu's Refrigeration  Ice            ########..   1%          6    None
 Lehudib's Crystal Spear  Conj/Erth      ########..   1%          8    #####..
 Yara's Violent Unravell  Hex/Tmut       #####.....   3%          5    None
 Animate Dead             Necr           N/A          4%          4    None
 Cause Fear               Hex            #####.....   4%          4    None
 Dispel Undead            Necr           #####...     4%          4    None
 Summon Lightning Spire   Summ/Air       #####...     4%          4    None
 Ring of Flames           Chrm/Fire      #######...   4%          7    ###....
 Simulacrum               Ice/Necr       #######...   5%          6    None
 Blade Hands              Tmut           ######....   11%         5    None
 Alistair's Intoxication  Tmut/Pois      #####...     12%         5    None
 Agony                    Necr           #####...     14%         5    None
 Excruciating Wounds      Chrm/Necr      #####.....   14%         5    None
 Silence                  Hex/Air        #####.....   14%         5    None
 Summon Forest            Summ/Tloc      #####.....   14%         5    None
 Summon Mana Viper        Hex/Summ       #####...     14%         5    None
 Hydra Form               Tmut           ######....   45%         6    None
 Eringya's Noxious Bog    Tmut/Pois      #####.....   52%         6    None
 Darkness                 Hex            #####.....   56%         6    None
 Death Channel            Necr           #####.....   56%         6    None
 Deflect Missiles         Chrm/Air       #####.....   56%         6    None
 Invisibility             Hex            #####...     56%         6    None
 Shadow Creatures         Summ           N/A          56%         6    None
 Dragon Form              Tmut           ######....   95%         7    ###....
 Haunt                    Necr/Summ      #####.....   98%         7    ###....
 Malign Gateway           Summ/Tloc      #####.....   98%         7    ###....
 Monstrous Menagerie      Summ           #####.....   98%         7    ###....
 Summon Greater Demon     Summ           #####.....   98%         7    ###....
 Summon Hydra             Summ           #####.....   98%         7    ###....
 Borgnjor's Revivificati  Necr           #####.....   100%        8    #####..
 Death's Door             Chrm/Necr      #####.....   100%        8    #####..
 Discord                  Hex            #####.....   100%        8    #####..
 Infestation              Necr           #####.....   100%        8    #####..
 Necromutation            Tmut/Necr      #####.....   100%        8    #####..
 Summon Horrible Things   Summ           #####.....   100%        8    #####..
 Dragon's Call            Summ           #####.....   100%        9    ######.
 Tornado                  Air            #####.....   100%        9    ######.
 Sublimation of Blood     Necr           Unusable     N/A         2    N/A
 Statue Form              Tmut/Erth      Unusable     N/A         6    N/A

Dungeon Overview and Level Annotations

Branches:
Dungeon (15/15)            Temple (1/1) D:5            Lair (6/6) D:11
  Swamp (4/4) Lair:3        Snake (4/4) Lair:3        Slime (5/5) Lair:6
    Orc (2/2) D:12            Elf (3/3) Orc:2        Vaults (5/5) D:13
  Crypt (3/3) Vaults:3       Tomb (0/3) Crypt:3      Depths (5/5) D:15
    Zot (0/5) Depths:5      IceCv (visited)          WizLab (visited)

Altars:
Ashenzari
Cheibriados
Dithmenos
Elyvilon
Fedhas
Gozag
Hepliaklqana
Kikubaaqudgha
Makhleb
Nemelex Xobeh
Okawaru
Qazlal
Ru
Sif Muna
Trog
Uskayaw
Vehumet
Wu Jian
Xom
Yredelemnul
Zin
The Shining One
Beogh

Shops:
D:13 [   Orc:2 %*(=   Elf:3 *}!   Snake:3 %%[:*   Vaults:3 [   Vaults:4 (
Depths:3 *

Portals:
Hell: Depths:1 Depths:2 Depths:3 Depths:4 Depths:5
Abyss: Depths:4
Pandemonium: Depths:3

Annotations:
D:10 loom's ghost, journeyman FoAK
D:15 3 runed translucent doors, Zirch's ghost, amateur MiGl
Elf:1 6 runed translucent doors
Elf:2 3 runed translucent doors
Crypt:2 1 runed translucent door, Mehus's ghost, veteran MiBe


Innate Abilities, Weirdness & Mutations

You are resistant to torment.
Your stone body is resilient. (AC +20)
You are immune to poison.
Your large and strong wings let you fly indefinitely.
You resist negative energy. (rN+)
You are resistant to electric shocks. (rElec)
You can survive without breathing.
You are immune to petrification.
You are immune to rotting.
You have sharp fingernails.
You are surrounded by a mild repulsion field. (EV +2)
You are somewhat resistant to further mutation.
Your muscles are strong. (Str +2)


Message History

The quicksilver dragon barely misses you.
The fire dragon misses you. The fire dragon completely misses you.
The fire dragon misses you. The ice dragon completely misses you.
The ice dragon misses you.
The ice dragon tramples you but does no damage.
The orange demon stings you from afar!
* * * LOW HITPOINT WARNING * * *
You feel better.
The quicksilver dragon disappears in a puff of smoke!
Yhaq completely misses you. The ice dragon barely misses you.
You block the ice dragon's attack. x2
The balrug gestures at you. Something smites you!
* * * LOW HITPOINT WARNING * * *
Wocutousm gestures at you. The lance of force hits you!!
* * * LOW HITPOINT WARNING * * *
You are knocked back by the lance of force.
You collide with the Brimstone Fiend!
You die...

▓▓......................
▓.......................
▓..........)..........|!
▓.......§§§§........†.)k
▓▓.......§§§§.†.....†..?)
▓..∩.....§§§§§.........p?
▓▓.......§§§§§22..D)...?t
▓.........§4&§&.......%)
▓..........DD@t.........
▓..........4DD1.........
▓▓...........4..........
▓......................
▓▓.....................
...........p...
...............
...............


You could see Wocutousm, Yhaq, a Killer Klown, a Brimstone Fiend, 2 fire
dragons, 2 ice dragons, a balrug, a green death, a swamp dragon shaped shifter,
an orange demon, an apocalypse crab and 2 rust devils.

Vanquished Creatures
  the Royal Jelly (Slime:5)
  5 pandemonium lords (Zig:15)
  Mara (Depths:4)
  An ancient lich (Vaults:5)
  6 juggernauts
  A shard shrike (Zig:6)
  Vashnia (Snake:4)
  4 Killer Klowns
  Frederick (Vaults:5)
  Xtahua (Vaults:3)
  Bai Suzhen (Crypt:1)
  Saint Roka (Orc:2)
  2 caustic shrikes (Zig:7)
  5 golden dragons
  3 profane servitors
  Nikola (Snake:4)
  4 bone dragons
  Rupert (D:12)
  3 tentacled monstrosities
  2 Hell Sentinels (Zig:7)
  5 deep elf blademasters
  5 deep elf master archers
  5 liches
  8 titans
  2 quicksilver dragons
  2 tentacled starspawn
  Frances (D:13)
  25 acid blobs
  A sphinx (Depths:4)
  4 ancient champions
  3 thorn hunters
  The ghost of Phong the Brawler, an adept TrGl of Wu Jian (Snake:2)
  Donald (Swamp:4)
  23 azure jellies
  3 tengu reavers
  6 storm dragons
  5 shadow dragons
  11 nagarajas
  A draconian scorcher (Depths:5)
  13 frost giants
  3 orc warlords
  6 deep elf sorcerers
  4 ghost moths (Zig:13)
  11 fire giants
  A draconian knight (Zig:6)
  An emperor scorpion (Zig:13)
  3 curse skulls
  Aizul (Vaults:2)
  An iron dragon (Vaults:5)
  16 vault wardens
  15 deep elf elementalists
  2 angels (Depths:1)
  10 ghouls
  A reaper (Depths:3)
  A spriggan defender (Depths:4)
  A draconian annihilator (Depths:5)
  A caustic shrike skeleton (Depths:1)
  A war gargoyle (Zig:7)
  14 ironheart preservers
  4 entropy weavers
  19 very ugly things
  3 green draconians
  9 vampire knights
  25 stone giants
  11 deep elf demonologists
  2 black draconians (Depths:5)
  2 orange crystal statues
  8 deep elf annihilators
  A purple draconian (Abyss:2)
  2 dire elephants (shapeshifter)
  The ghost of Foukejos the Carver, a journeyman DrGl of Okawaru (D:13)
  The ghost of Neppajuco the Cleaver, a journeyman CeAK of Lugonu (Lair:2)
  7 spark wasps
  7 eidola (Crypt:3)
  The ghost of TimeIsEndless the Blocker, a journeyman GnFi of Okawaru (D:10)
  10 deep elf death magi
  A crystal guardian (Zig:7)
  11 ettins
  3 merfolk javelineers (Zig:12)
  6 death oozes
  A mummy priest (Crypt:3)
  26 yaktaur captains
  Josephine (D:11)
  7 jiangshi
  10 fire dragons
  A blizzard demon (Zig:6)
  9 deep elf high priests
  A quicksilver dragon zombie (Depths:1)
  16 great orbs of eyes
  31 vault guards
  3 ghost crabs (Swamp:2)
  25 hydras
  21 naga warriors
  A catoblepas (Lair:6)
  12 ice dragons
  4 rakshasas
  The ghost of Roikka the Basher, a novice TrBe of Trog (D:9)
  4 shambling mangroves
  19 centaur warriors
  3 spriggan air magi
  A satyr (Zig:12)
  20 anacondas
  The ghost of Gargoyl the Cleaver, a novice CeAK of Lugonu (D:10)
  7 death knights
  51 two-headed ogres
  17 ogre magi
  18 dancing weapons
  19 alligators
  The ghost of Eugen the Cutter, a novice DgFi (D:10)
  14 deep troll earth magi
  14 deep troll shamans
  3 thrashing horrors (Abyss:2)
  7 spriggan berserkers
  3 vampire magi
  4 tengu warriors
  7 death yaks
  5 orc high priests
  A titan zombie (Crypt:3)
  16 naga sharpshooters
  7 shock serpents
  21 deep elf knights
  A soul eater (Depths:3)
  18 hell knights
  A titan skeleton (Zig:8)
  9 iron trolls
  4 wretched stars
  A sixfirhy (Abyss:2)
  2 fire crabs (shapeshifter)
  A storm dragon zombie (Abyss:2)
  A storm dragon skeleton (Zig:8)
  25 skeletal warriors
  2 shadow wraiths
  2 salamander mystics
  The ghost of Nr616 the Carver, a novice MiGl of Okawaru (D:7)
  53 deep trolls
  14 swamp dragons
  9 flayed ghosts
  6 glowing orange brains
  A swamp dragon (shapeshifter) (Vaults:1)
  4 unseen horrors
  7 wizards
  A spriggan druid (Swamp:3)
  18 deep elf archers
  14 ironbrand convokers
  2 lindwurms (Lair:6)
  4 obsidian statues
  10 naga ritualists
  A tengu zombie (Vaults:4)
  2 anaconda zombies
  22 phantasmal warriors
  A sphinx zombie (Crypt:2)
  A shadow dragon zombie (Crypt:3)
  9 harpies
  An orb spider (shapeshifter) (Vaults:5)
  A lindwurm (shapeshifter) (Depths:2)
  Pikel (D:9)
  A stone giant zombie (Depths:1)
  13 necromancers
  A wolf spider (shapeshifter) (Vaults:5)
  18 orc knights
  2 iron dragon zombies
  4 orb spiders (Zig:13)
  A tengu skeleton (Vaults:4)
  10 mana vipers
  3 wolf spider zombies
  4 manticores
  4 orc sorcerers
  2 frost giant zombies (Crypt:3)
  8 cyclopes
  12 shining eyes
  50 deep elf magi
  10 wolf spiders
  61 ugly things
  A shadow dragon skeleton (Depths:2)
  A cyclops (shapeshifter) (Zig:3)
  3 fire giant zombies
  A worldbinder (Abyss:2)
  3 fauns (Zig:12)
  13 salamanders
  A moth of wrath (Zig:13)
  2 apocalypse crabs (Zig:15)
  3 human skeletons (Vaults:4)
  A guardian serpent (shapeshifter) (Vaults:5)
  20 guardian serpents
  2 rust devils (Depths:3)
  An elephant (shapeshifter) (Vaults:2)
  44 black mambas
  14 vault sentinels
  32 naga magi
  2 fire giant skeletons (Zig:8)
  10 elephants
  3 eyes of devastation
  4 molten gargoyles
  4 smoke demons
  7 gargoyles
  A torpor snail (shapeshifter) (Zig:15)
  An orange demon (Abyss:2)
  A frost giant skeleton (Zig:8)
  Maggie (D:8)
  17 spiny frogs
  4 ice statues
  A yaktaur (shapeshifter) (Depths:4)
  A tormentor (Abyss:2)
  8 komodo dragons
  41 yaktaurs
  12 rime drakes
  A black draconian skeleton (Crypt:2)
  2 emperor scorpion zombies (Crypt:3)
  2 efreet (Abyss:2)
  A demonic crawler (Zig:13)
  17 freezing wraiths
  A hellwing (Abyss:2)
  An ice devil (Zig:6)
  2 yaktaur skeletons
  A meliai (shapeshifter) (Depths:2)
  3 ancient zymes (Abyss:2)
  2 guardian mummies (Crypt:3)
  3 hydra zombies
  9 jumping spiders
  A red draconian skeleton (Crypt:1)
  6 tengu conjurers
  15 trolls
  19 polar bears
  2 blink frogs (shapeshifter)
  A jumping spider (shapeshifter) (Zig:15)
  12 bog bodies
  A harpy skeleton (D:15)
  6 tyrant leeches
  10 raiju
  2 wind drakes (shapeshifter)
  14 hornets
  129 slime creatures
  A slime creature (shapeshifter) (Vaults:5)
  16 hippogriffs
  A stone giant simulacrum (Vaults:4)
  9 dream sheep
  Grinder (D:3)
  A guardian serpent zombie (Crypt:1)
  2 meliai zombies
  A deep troll zombie (Depths:1)
  A dream sheep (shapeshifter) (Vaults:4)
  An ice dragon zombie (Abyss:2)
  25 blink frogs
  An alligator zombie (Crypt:3)
  A black mamba zombie (Crypt:3)
  2 ettin zombies
  3 tarantellas (Zig:13)
  7 ynoxinuls
  6 air elementals
  16 flying skulls
  2 tarantellas (shapeshifter)
  14 starcursed masses
  9 wyverns (Lair:6)
  2 ettin skeletons (Vaults:4)
  4 fire elementals
  6 shadows
  18 wraiths
  2 vampires
  A spriggan (shapeshifter) (Depths:1)
  A fire dragon skeleton (Crypt:2)
  8 water elementals
  2 yaks (shapeshifter)
  13 redbacks
  11 spriggans
  An ushabti (Crypt:3)
  Eustachio (D:6)
  10 basilisks
  51 yaks
  3 fire bats (Depths:5)
  A yaktaur simulacrum (Vaults:4)
  12 golden eyes
  A golden eye (shapeshifter) (Abyss:2)
  A steam dragon (shapeshifter) (D:15)
  16 humans (D:13)
  3 human simulacra
  A neqoxec (Depths:3)
  A human (shapeshifter) (D:15)
  A steam dragon (Lair:6)
  Grum (D:9)
  2 hungry ghosts (D:11)
  12 vampire mosquitoes
  12 insubstantial wisps
  4 soldier ants (shapeshifter)
  7 wargs
  57 nagas
  An acid dragon (shapeshifter) (Zig:11)
  22 swamp worms
  A soldier ant (D:12)
  2 acid dragons
  5 large abominations
  2 floating eyes
  4 hell hounds (Lair:6)
  11 water moccasins
  2 porcupines
  A spiny frog skeleton (Crypt:2)
  A water nymph skeleton (Crypt:2)
  29 orc warriors
  18 swamp drakes
  2 black bears (D:9)
  6 ice beasts
  2 slaves (D:9)
  3 sky beasts
  A spriggan simulacrum (Depths:2)
  11 eyes of draining
  5 phantoms
  2 snapping turtle zombies
  3 human zombies
  A manticore zombie (Crypt:3)
  An elf skeleton (Vaults:4)
  6 boggarts
  23 centaurs
  56 ogres
  16 necrophages
  37 wolves
  An ogre (shapeshifter) (D:15)
  5 crocodiles
  4 big kobolds
  A crocodile (shapeshifter) (Vaults:5)
  A komodo dragon zombie (Crypt:2)
  Blork the orc (D:6)
  11 bullfrogs
  9 earth elementals
  A glowing shapeshifter simulacrum (Vaults:4)
  A water moccasin skeleton (Crypt:2)
  8 wyvern skeletons
  2 scorpions
  A manticore simulacrum (Abyss:2)
  9 killer bees
  7 howler monkeys
  21 wights
  11 small abominations
  11 electric eels
  5 lava snakes (Lair:6)
  7 crimson imps
  A bullfrog zombie (D:5)
  A quasit (Abyss:2)
  4 centaur zombies
  21 orc priests
  2 hounds
  A demonspawn zombie (Crypt:1)
  A basilisk skeleton (Crypt:1)
  6 jellies
  16 orc wizards
  6 bullfrog skeletons
  4 centaur skeletons
  4 iron imps
  A black bear skeleton (Crypt:1)
  4 iguanas
  Natasha (thrice) (D:4)
  9 worker ants
  A killer bee zombie (D:5)
  A bullfrog simulacrum (D:11)
  A centaur simulacrum (D:11)
  A mummy (Zig:8)
  2 hound zombies
  A hound skeleton (D:5)
  A worker ant zombie (D:6)
  12 adders
  7 gnolls
  4 shadow imps
  4 white imps
  A worker ant simulacrum (D:11)
  4 ufetubi
  2 oozes (Lair:6)
  An adder zombie (D:5)
  2 adder skeletons
  A halfling skeleton (Crypt:2)
  5 worms
  2 leopard geckos
  81 orcs
  A ball python (D:4)
  3 giant cockroaches (D:1)
  4 goblins
  7 hobgoblins
  9 jackals
  A quokka (D:5)
  3 bats
  A frilled lizard (D:2)
  8 kobolds
  An orc skeleton (Crypt:1)
  A quokka skeleton (D:4)
  5 rats
  7 briar patches (Swamp:4)
  14 fire vortices (Depths:4)
  6 plants
  4 withered plants (Crypt:3)
2877 creatures vanquished.

Vanquished Creatures (collateral kills)
  A tentacled monstrosity (Depths:4)
  Asterion (Depths:2)
  A dancing weapon (Elf:2)
  A deep elf mage (Zig:10)
  A shining eye (Zig:14)
  A torpor snail (Zig:13)
  A slime creature (Slime:2)
  2 eyes of draining
9 creatures vanquished.

Vanquished Creatures (others)
  Nessos (Lair:6)
  An apocalypse crab (Zig:15)
  An orc warrior (Orc:1)
  2 slaves (D:9)
  An ogre (Vaults:3)
  A bullfrog (D:15)
  A briar patch (Swamp:4)
  104 fire vortices
  3 fungi (Lair:6)
  18 plants
  11 starspawn tentacles
  5 withered plants (Crypt:3)
149 creatures vanquished.

Grand Total: 3035 creatures vanquished

Notes
Turn   | Place    | Note
-------+----------+-------------------------------------------
     0 | D:1      | Karazaar the Gargoyle Earth Elementalist began the quest
                  | for the Orb.
     0 | D:1      | Reached XP level 1. HP: 10/10 MP: 3/3
   324 | D:1      | Reached XP level 2. HP: 10/15 MP: 5/5
  1234 | D:2      | Found a shattered altar of Ashenzari.
  1241 | D:2      | Found a hide-covered altar of Uskayaw.
  1248 | D:2      | Found a sacrificial altar of Ru.
  1255 | D:2      | Found a sparkling altar of Nemelex Xobeh.
  1262 | D:2      | Found a snail-covered altar of Cheibriados.
  1271 | D:2      | Found an iron altar of Okawaru.
  1278 | D:2      | Found a hazy altar of Hepliaklqana.
  1383 | D:2      | Reached XP level 3. HP: 11/19 MP: 4/7
  1388 | D:2      | Learned a level 3 spell: Stone Arrow
  2013 | D:2      | Found a faded altar of an unknown god.
  2043 | D:2      | Became a worshipper of Uskayaw the Reveler
  2043 | D:2      | Reached * piety under Uskayaw
  2050 | D:2      | Fell from the grace of Uskayaw
  2210 | D:3      | Reached skill level 1 in Conjurations
  2210 | D:3      | Reached XP level 4. HP: 24/24 MP: 6/8
  2292 | D:3      | Paralysed by the fury of Uskayaw for 6 turns
  2538 | D:3      | Reached skill level 5 in Earth Magic
  2538 | D:3      | Reached XP level 5. HP: 28/28 MP: 0/9
  2618 | D:3      | Gained mutation: You are agile. (Dex +2) [potion of
                  | mutation]
  2618 | D:3      | Gained mutation: You expend magic power (3 MP) to
                  | strengthen your wands. [potion of mutation]
  2618 | D:3      | Gained mutation: You have a beak for a mouth. [potion of
                  | mutation]
  2677 | D:3      | Noticed Grinder
  2688 | D:3      | Paralysed by Grinder for 2 turns
  2695 | D:3      | Killed Grinder
  2695 | D:3      | Reached XP level 6. HP: 32/32 MP: 0/11
  2722 | D:3      | Paralysed by the fury of Uskayaw for 4 turns
  3232 | D:4      | Noticed Natasha
  3234 | D:4      | Killed Natasha
  3241 | D:4      | Learned a level 5 spell: Lee's Rapid Deconstruction
  3489 | D:4      | Noticed Natasha
  3496 | D:4      | Killed Natasha
  3563 | D:4      | Reached XP level 7. HP: 23/36 MP: 11/13
  3609 | D:4      | Noticed Natasha
  3613 | D:4      | Killed Natasha
  3884 | D:5      | Entered Level 5 of the Dungeon
  3939 | D:5      | Found a staircase to the Ecumenical Temple.
  3956 | Temple   | Entered the Ecumenical Temple
  4002 | Temple   | Became a worshipper of Vehumet
  4055 | D:5      | Reached skill level 5 in Spellcasting
  4084 | D:4      | Found a shimmering altar of Xom.
  4163 | D:5      | Paralysed by the fury of Uskayaw for 7 turns
  4172 | D:5      | Reached skill level 5 in Conjurations
  4172 | D:5      | Reached XP level 8. HP: 31/41 MP: 11/15
  4501 | D:5      | Was forgiven by Uskayaw
  4561 | D:5      | Reached skill level 1 in Fighting
  4561 | D:5      | Reached skill level 1 in Maces & Flails
  4561 | D:5      | Reached skill level 1 in Armour
  4996 | D:5      | Found a shimmering blue altar of Sif Muna.
  5091 | D:6      | Lost mutation: You expend magic power (3 MP) to strengthen
                  | your wands. [potion of mutation]
  5091 | D:6      | Lost mutation: You have a beak for a mouth. [potion of
                  | mutation]
  5091 | D:6      | Lost mutation: You are agile. (Dex +2) [potion of mutation]
  5091 | D:6      | Gained mutation: You are dopey. (Int -2) [potion of
                  | mutation]
  5091 | D:6      | Gained mutation: You evolve. [potion of mutation]
  5102 | D:6      | Reached * piety under Vehumet
  5102 | D:6      | Offered knowledge of Magic Dart by Vehumet.
  5175 | D:6      | Reached skill level 1 in Evocations
  5408 | D:6      | Noticed Blork the orc
  5418 | D:6      | Killed Blork the orc
  5475 | D:6      | Noticed Eustachio
  5494 | D:6      | Killed Eustachio
  5494 | D:6      | Reached XP level 9. HP: 48/48 MP: 11/17
  5840 | D:7      | Found an iron altar of Okawaru.
  6225 | D:7      | Found an iron altar of Okawaru.
  6602 | D:7      | Found a runed translucent gate.
  6602 | D:7      | Found a runed translucent gate.
  6602 | D:7      | Found a runed translucent gate.
  6608 | D:7      | Noticed Nr616's ghost (novice MiGl)
  6805 | D:8      | Reached ** piety under Vehumet
  6805 | D:8      | Offered knowledge of Shock by Vehumet.
  6893 | D:8      | Noticed Maggie
  6900 | D:8      | Killed Maggie
  7610 | D:9      | Found an iron altar of Okawaru.
  7613 | D:9      | Noticed Grum
  7629 | D:9      | Reached XP level 10. HP: 50/56 MP: 10/19
  7630 | D:9      | Killed Grum
  7647 | D:9      | Noticed Pikel
  7666 | D:9      | Killed Pikel
  7757 | D:9      | Noticed a centaur warrior
  7770 | D:9      | Killed a centaur warrior
  8002 | D:9      | Gained mutation: You have an increased reservoir of magic.
                  | (+10% MP) [evolution]
  8089 | D:9      | Noticed a cyclops
  8094 | D:9      | Killed a cyclops
  8317 | D:9      | Noticed a purple ugly thing
  8317 | D:9      | Noticed a two-headed ogre
  8326 | D:9      | Killed a purple ugly thing
  8433 | D:9      | Killed a two-headed ogre
  8433 | D:9      | Reached skill level 5 in Fighting
  8433 | D:9      | Reached skill level 5 in Armour
  8433 | D:9      | Reached XP level 11. HP: 61/63 MP: 10/23
  8563 | D:9      | Learned a level 5 spell: Irradiate
  8623 | D:9      | Found a runed translucent door.
  8624 | D:9      | Found a shimmering altar of Xom.
  8624 | D:9      | Noticed Roikka's ghost (novice TrBe)
  8624 | D:9      | Noticed a +1 war axe of chaos
  8774 | D:9      | Offered knowledge of Dazzling Flash by Vehumet.
  8976 | D:9      | Found a blossoming altar of Fedhas.
  9039 | D:9      | Gained mutation: You possess an exceptional clarity of
                  | mind. [evolution]
  9141 | D:10     | Entered Level 10 of the Dungeon
  9141 | D:10     | Found a runed translucent gate.
  9141 | D:10     | Found a runed translucent gate.
  9141 | D:10     | Found a runed translucent gate.
  9141 | D:10     | Noticed Eugen's ghost (novice DgFi)
  9165 | D:10     | Noticed TimeIsEndless's ghost (journeyman GnFi)
  9166 | D:10     | Noticed loom's ghost (journeyman FoAK)
  9169 | D:10     | Noticed Gargoyl's ghost (novice CeAK)
  9249 | D:10     | Reached *** piety under Vehumet
  9456 | D:10     | Reached skill level 5 in Maces & Flails
  9870 | D:11     | Found a frozen archway.
  9874 | D:11     | HP: 1/64 [rime drake/flash freeze (32)]
  9920 | IceCv    | Entered an ice cave
 10300 | IceCv    | Learned a level 3 spell: Dazzling Flash
 10309 | IceCv    | Reached skill level 10 in Earth Magic
 10342 | IceCv    | Reached skill level 5 in Dodging
 10698 | IceCv    | Reached skill level 5 in Evocations
 11063 | IceCv    | Reached XP level 12. HP: 41/71 MP: 25/25
 11358 | IceCv    | Offered knowledge of Iskenderun's Mystic Blast by Vehumet.
 11620 | IceCv    | Noticed a death yak
 11632 | IceCv    | Killed a death yak
 11856 | IceCv    | Gained mutation: You are surrounded by a mild repulsion
                  | field. (EV +2) [evolution]
 11888 | IceCv    | Noticed a death yak
 11888 | IceCv    | Noticed a frost giant
 11893 | IceCv    | Killed a death yak
 11893 | IceCv    | Reached **** piety under Vehumet
 11893 | IceCv    | Killed a frost giant
 12356 | D:11     | Found a staircase to the Lair.
 12600 | D:11     | Noticed a three-headed hydra
 12606 | D:11     | Killed a three-headed hydra
 12743 | D:11     | Offered knowledge of Mephitic Cloud by Vehumet.
 12901 | D:11     | Noticed a seven-headed hydra
 12916 | D:11     | Killed a seven-headed hydra
 12916 | D:11     | Reached XP level 13. HP: 46/78 MP: 13/28
 13069 | D:11     | Identified a scroll of acquirement
 13069 | D:11     | Identified the amulet "Hewynt" {RegenMP rF++ rN+} (You
                  | acquired it on level 11 of the Dungeon)
 13069 | D:11     | Identified the Guide on Harmful Envenoming (You acquired it
                  | on level 11 of the Dungeon)
 13664 | D:11     | Noticed Josephine
 13671 | D:11     | Killed Josephine
 13671 | D:11     | Reached ***** piety under Vehumet
 13674 | D:11     | Offered knowledge of Airstrike by Vehumet.
 14097 | D:12     | Noticed Rupert
 14191 | D:12     | Found a staircase to the Orcish Mines.
 14280 | D:12     | Killed Rupert
 14280 | D:12     | Reached skill level 10 in Conjurations
 14855 | D:13     | Found a gate to the Vaults.
 14987 | D:13     | Gained mutation: Your large and strong wings let you fly
                  | indefinitely. [Gargoyle growth]
 14987 | D:13     | Reached XP level 14. HP: 81/86 MP: 26/30
 15331 | D:13     | Offered knowledge of Fireball by Vehumet.
 15404 | D:13     | Found Gakhlaoj's Armour Boutique.
 15579 | D:13     | Found a runed translucent gate.
 15580 | D:13     | Found a runed translucent gate.
 15580 | D:13     | Found a runed translucent gate.
 15583 | D:13     | Noticed Foukejos's ghost (journeyman DrGl)
 15611 | D:13     | Noticed Frances
 15652 | D:13     | Killed Frances
 15682 | D:13     | Gained mutation: Your spells are a little easier to cast,
                  | but a little less powerful. [mutagenic glow]
 15764 | D:13     | Lost mutation: You evolve. [potion of mutation]
 15764 | D:13     | Lost mutation: You are dopey. (Int -2) [potion of mutation]
 15764 | D:13     | Lost mutation: You possess an exceptional clarity of mind.
                  | [potion of mutation]
 15764 | D:13     | Lost mutation: You have an increased reservoir of magic.
                  | (+10% MP) [potion of mutation]
 15764 | D:13     | Gained mutation: You are clumsy. (Dex -2) [potion of
                  | mutation]
 15764 | D:13     | Gained mutation: You possess an exceptional clarity of
                  | mind. [potion of mutation]
 17192 | D:14     | Reached skill level 10 in Spellcasting
 17723 | D:14     | Reached skill level 10 in Fighting
 18003 | Lair:1   | Entered Level 1 of the Lair of Beasts
 18116 | Lair:1   | Learned a level 5 spell: Fireball
 18712 | Lair:2   | Reached skill level 1 in Fire Magic
 18758 | Lair:2   | You are sucked into a shaft and drop 1 floor!
 18998 | Lair:3   | Found the +9 staff of Wucad Mu {channel}
 19141 | Lair:2   | Offered knowledge of Starburst by Vehumet.
 19149 | Lair:2   | Learned a level 6 spell: Starburst
 19185 | Lair:2   | Found a runed translucent door.
 19187 | Lair:2   | Noticed Neppajuco's ghost (journeyman CeAK)
 19212 | Lair:2   | Found a white marble altar of Elyvilon.
 19233 | Lair:2   | Reached XP level 15. HP: 92/92 MP: 29/29
 19797 | Lair:2   | Lost mutation: Your spells are a little easier to cast, but
                  | a little less powerful. [potion of mutation]
 19797 | Lair:2   | Gained mutation: You are somewhat resistant to further
                  | mutation. [potion of mutation]
 19964 | Lair:3   | Found a staircase to the Snake Pit.
 20191 | Lair:3   | Found a staircase to the Swamp.
 20632 | Lair:4   | Reached skill level 10 in Maces & Flails
 21785 | Lair:5   | You are sucked into a shaft and drop 1 floor!
 21785 | Lair:6   | Entered Level 6 of the Lair of Beasts
 21802 | Lair:6   | Killed Nessos
 22175 | Lair:6   | Offered knowledge of Iron Shot by Vehumet.
 22189 | Lair:6   | Reached skill level 5 in Fire Magic
 22543 | Lair:6   | Found a staircase to the Slime Pits.
 23493 | Lair:6   | Learned a level 6 spell: Iron Shot
 23855 | Lair:6   | Found a large runed translucent door.
 23855 | Lair:6   | Found a large runed translucent door.
 24006 | Lair:6   | Reached XP level 16. HP: 86/100 MP: 3/30
 24730 | Orc:1    | Entered Level 1 of the Orcish Mines
 24831 | Orc:1    | Found a roughly hewn altar of Beogh.
 24834 | Orc:1    | Paralysed by an orc sorcerer for 3 turns
 24979 | Orc:2    | Entered Level 2 of the Orcish Mines
 24979 | Orc:2    | Found a staircase to the Elven Halls.
 24979 | Orc:2    | Noticed Saint Roka
 24987 | Orc:2    | Killed Saint Roka
 24987 | Orc:2    | Offered knowledge of Spellforged Servitor by Vehumet.
 25260 | Orc:2    | Found Wosuumpu's Food Shoppe.
 25264 | Orc:2    | Found Nothrirae's Weapon Boutique.
 25273 | Orc:2    | Found Pahog's Assorted Antiques.
 25297 | Orc:2    | Found Camipp's Jewellery Shop.
 25349 | Orc:2    | Bought an uncursed amulet of the gourmand for 450 gold
                  | pieces
 25374 | Orc:2    | Found a roughly hewn altar of Beogh.
 25631 | Orc:2    | Bought a potion of cancellation for 256 gold pieces
 25631 | Orc:2    | Bought a potion of might for 128 gold pieces
 26512 | D:15     | Entered Level 15 of the Dungeon
 26884 | D:15     | Found a runed translucent gate.
 26884 | D:15     | Found a runed translucent gate.
 26884 | D:15     | Found a runed translucent gate.
 26885 | D:15     | Noticed Zirch's ghost (amateur MiGl)
 26891 | D:15     | Found a blossoming altar of Fedhas.
 26909 | D:15     | Found a burning altar of Makhleb.
 27134 | D:15     | Offered knowledge of Orb of Destruction by Vehumet.
 27400 | D:15     | Found a staircase to the Depths.
 27810 | Snake:1  | Entered Level 1 of the Snake Pit
 28877 | Snake:1  | Reached XP level 17. HP: 74/106 MP: 32/32
 29954 | Swamp:1  | Entered Level 1 of the Swamp
 31789 | Swamp:2  | Reached ****** piety under Vehumet
 31806 | Swamp:2  | Offered knowledge of Spellforged Servitor by Vehumet.
 33238 | Swamp:3  | Reached skill level 15 in Earth Magic
 33243 | Swamp:3  | Reached skill level 10 in Fire Magic
 33690 | Swamp:4  | Entered Level 4 of the Swamp
 34267 | Swamp:4  | Reached skill level 10 in Dodging
 34325 | Swamp:4  | Got a decaying rune of Zot
 34389 | Swamp:3  | Reached XP level 18. HP: 46/112 MP: 5/33
 35384 | Swamp:4  | Noticed Donald
 35596 | Swamp:4  | Killed Donald
 37366 | Snake:2  | Found a runed translucent gate.
 37366 | Snake:2  | Found a runed translucent gate.
 37368 | Snake:2  | Found a runed translucent gate.
 37368 | Snake:2  | Noticed Phong's ghost (adept TrGl)
 37525 | Snake:2  | Found an ornate altar of the Wu Jian Council.
 38302 | Snake:3  | Found Elagg's Book Shop.
 38688 | Snake:3  | Found Kuebyrch's Armour Shoppe.
 39228 | Snake:3  | Found Recaqof's Food Shop.
 39257 | Snake:3  | Found Paustau's Food Shoppe.
 39289 | Snake:3  | Found Liocw's Assorted Antiques.
 39365 | Snake:3  | Bought a scroll of identify for 50 gold pieces
 39365 | Snake:3  | Bought a scroll of magic mapping for 87 gold pieces
 39388 | Snake:3  | Offered knowledge of Fire Storm by Vehumet.
 39388 | Snake:3  | Offered knowledge of Shatter by Vehumet.
 39388 | Snake:3  | Offered knowledge of Chain Lightning by Vehumet.
 39958 | Snake:4  | Entered Level 4 of the Snake Pit
 40179 | Vaults:1 | Entered Level 1 of the Vaults
 40231 | Vaults:1 | Reached XP level 19. HP: 119/119 MP: 14/35
 41834 | Vaults:2 | Identified the +10 morningstar "Rinaum" {drain, rF+ Int+3
                  | Dex+3}
 42228 | Vaults:2 | Noticed Aizul
 42246 | Vaults:2 | Killed Aizul
 43397 | Vaults:2 | Reached XP level 20. HP: 126/126 MP: 15/36
 43984 | Vaults:3 | Found Muyrhavi's Armour Emporium.
 44112 | Vaults:3 | Found a magical portal.
 44311 | WizLab   | Reached XP level 21. HP: 116/132 MP: 33/38
 44513 | Vaults:3 | Reached skill level 15 in Maces & Flails
 44672 | Elf:1    | Entered Level 1 of the Elven Halls
 44676 | Elf:1    | Cast into level 2 of the Abyss (a deep elf demonologist)
 45282 | Elf:1    | Escaped the Abyss
 45742 | Elf:1    | Reached skill level 15 in Conjurations
 45915 | Elf:1    | Identified the cursed +0 leather armour "Oppaonwa" {rPois
                  | rN+}
 45985 | Elf:1    | Found a runed translucent gate.
 45985 | Elf:1    | Found a runed translucent gate.
 45985 | Elf:1    | Found a runed translucent gate.
 45985 | Elf:1    | Found a runed translucent gate.
 45985 | Elf:1    | Found a runed translucent gate.
 45991 | Elf:1    | Found a runed translucent gate.
 46850 | Elf:2    | Found a runed translucent gate.
 46850 | Elf:2    | Found a runed translucent gate.
 46854 | Elf:2    | Found a runed translucent gate.
 47090 | Elf:2    | Reached XP level 22. HP: 138/138 MP: 38/40
 47336 | Elf:3    | Entered Level 3 of the Elven Halls
 47339 | Elf:3    | Found Xabat's Distillery.
 47345 | Elf:3    | Bought a potion of curing for 54 gold pieces
 47345 | Elf:3    | Bought a potion of mutation for 144 gold pieces
 47345 | Elf:3    | Bought a potion of agility for 72 gold pieces
 47345 | Elf:3    | Bought a potion of might for 72 gold pieces
 47345 | Elf:3    | Bought a potion of mutation for 144 gold pieces
 47345 | Elf:3    | Bought a potion of berserk rage for 90 gold pieces
 47345 | Elf:3    | Bought a potion of resistance for 180 gold pieces
 47345 | Elf:3    | Bought a potion of magic for 144 gold pieces
 47345 | Elf:3    | Bought a potion of heal wounds for 90 gold pieces
 47394 | Elf:3    | Found Aquomuc's Gadget Shop.
 47408 | Elf:3    | Bought a wand of acid (8) for 360 gold pieces
 47408 | Elf:3    | Bought a lamp of fire for 600 gold pieces
 47443 | Elf:3    | Found Mimul's General Store.
 48249 | Elf:3    | Reached XP level 23. HP: 126/143 MP: 16/41
 48443 | Elf:3    | Identified the ring of False Pretenses {*Tele rC+ Int+3}
 48484 | Elf:3    | Cast into level 4 of the Abyss (a deep elf sorcerer)
 48486 | Abyss:4  | Found a corrupted altar of Lugonu.
 48767 | Abyss:4  | Found a runed translucent gate.
 48767 | Abyss:4  | Found a runed translucent gate.
 48768 | Abyss:4  | Found a runed translucent gate.
 48877 | Elf:3    | Escaped the Abyss
 49134 | Elf:3    | Identified the cursed +2 dagger "Taogycia" {flame, rElec
                  | rPois rF- Stlth+}
 49134 | Elf:3    | Identified the amulet "Zicecaoq" {Faith rPois rF+}
 49310 | Elf:3    | Identified the cursed +1 war axe "Ycaum" {distort, *Noise
                  | rC+ Int+3 Dex+3}
 49537 | Elf:3    | Reached skill level 15 in Fire Magic
 49769 | Elf:3    | Reached skill level 15 in Fighting
 49769 | Elf:3    | Identified the cursed +0 leather armour "Sioraet" {rN+}
 49954 | Elf:3    | Identified the +6 hand axe of Pain and Death {chop, rPois
                  | rC- Dex+4}
 50318 | Elf:3    | Found the +6 arbalest "Damnation" {damnation}
 50572 | Elf:3    | Found Xabat's Distillery.
 50586 | Elf:3    | Found Aquomuc's Gadget Shop.
 50666 | Elf:3    | Found Mimul's General Store.
 51376 | Elf:3    | Learned a level 9 spell: Shatter
 52102 | Vaults:3 | Identified the +3 flail of Articulation {crush, Dex+4}
 52121 | Vaults:3 | Noticed Xtahua
 52127 | Vaults:3 | Paralysed by Xtahua for 7 turns
 52135 | Vaults:3 | Killed Xtahua
 52892 | Vaults:3 | Found a staircase to the Crypt.
 53064 | Vaults:3 | Reached skill level 1 in Shields
 53583 | Vaults:4 | Reached XP level 24. HP: 147/151 MP: 13/41
 53711 | Vaults:4 | Found Gupnuupt's Weapon Boutique.
 55054 | Vaults:5 | Entered Level 5 of the Vaults
 55057 | Vaults:5 | Reached skill level 15 in Spellcasting
 55062 | Vaults:5 | Noticed an ancient lich
 55066 | Vaults:5 | Killed an ancient lich
 55066 | Vaults:5 | Noticed Frederick
 55068 | Vaults:5 | Reached skill level 5 in Shields
 55070 | Vaults:5 | Killed Frederick
 55266 | Vaults:5 | Reached XP level 25. HP: 125/157 MP: 42/42
 56174 | Vaults:5 | Found the +0 staff of Battle
 56202 | Vaults:5 | Learned a level 8 spell: Ignition
 56966 | Vaults:5 | Got a silver rune of Zot
 57782 | D:7      | Killed Nr616's ghost
 57924 | D:9      | Killed Roikka's ghost
 58023 | D:10     | Killed Gargoyl's ghost
 58068 | D:10     | Killed Eugen's ghost
 58076 | D:10     | Killed TimeIsEndless's ghost
 58332 | D:13     | Killed Foukejos's ghost
 58504 | Lair:2   | Killed Neppajuco's ghost
 59069 | Snake:2  | Killed Phong's ghost
 59351 | Snake:4  | Noticed Vashnia
 59355 | Snake:4  | Killed Vashnia
 59357 | Snake:4  | Reached skill level 15 in Dodging
 59394 | Snake:4  | Noticed Nikola
 59402 | Snake:4  | Killed Nikola
 59554 | Snake:4  | Cast into level 2 of the Abyss (naga warrior)
 59756 | Abyss:2  | Reached XP level 26. HP: 139/165 MP: 7/42
 59972 | Snake:4  | Escaped the Abyss
 60238 | Snake:4  | Got a serpentine rune of Zot
 61463 | Crypt:1  | Entered Level 1 of the Crypt
 61650 | Crypt:1  | Lost mutation: You are somewhat resistant to further
                  | mutation. [potion of mutation]
 61650 | Crypt:1  | Lost mutation: You are clumsy. (Dex -2) [potion of
                  | mutation]
 61650 | Crypt:1  | Gained mutation: Your muscles are strong. (Str +2) [potion
                  | of mutation]
 61650 | Crypt:1  | Gained mutation: You have sharp fingernails. [potion of
                  | mutation]
 61650 | Crypt:1  | Lost mutation: You possess an exceptional clarity of mind.
                  | [potion of mutation]
 61650 | Crypt:1  | Gained mutation: You are somewhat resistant to further
                  | mutation. [potion of mutation]
 61707 | Crypt:1  | Noticed Bai Suzhen
 61714 | Crypt:1  | Killed Bai Suzhen
 61983 | Crypt:1  | Found an ancient bone altar of Kikubaaqudgha.
 62632 | Crypt:2  | Paralysed by a vampire knight for 4 turns
 62741 | Crypt:2  | Found a runed translucent door.
 62741 | Crypt:2  | Found a shimmering altar of Xom.
 62742 | Crypt:2  | Noticed Mehus's ghost (veteran MiBe)
 62783 | Crypt:2  | Paralysed by something for 3 turns
 63242 | Crypt:3  | Entered Level 3 of the Crypt
 64538 | Crypt:3  | Found a staircase to the Tomb.
 65269 | Crypt:3  | Identified the +0 pair of gloves "Qetudghy" {rElec MR+++
                  | Str-5 Int-2} (You found it on level 3 of the Crypt)
 65270 | Crypt:3  | Identified Cigotuvi's Almanac of Unholy Secrets
 65312 | Crypt:3  | Reached XP level 27. HP: 172/172 MP: 38/43
 65512 | Crypt:3  | Found a basalt altar of Yredelemnul.
 66176 | Depths:1 | Entered Level 1 of the Depths
 66506 | Depths:1 | Found a gateway to a ziggurat.
 66506 | Depths:1 | Found a gateway to Hell.
 66506 | Depths:1 | You are sucked into a shaft and drop 1 floor!
 66539 | Depths:2 | Paralysed by a great orb of eyes for 7 turns
 66549 | Depths:2 | Noticed Asterion
 67536 | Depths:1 | Identified the Catalogue of Bewitchment and Orientation
 68555 | Depths:2 | Killed Asterion
 69573 | Depths:2 | Noticed a juggernaut
 69579 | Depths:2 | Killed a juggernaut
 69942 | Depths:2 | Identified a +2 pair of boots of running (You acquired it
                  | on level 2 of the Depths)
 69942 | Depths:2 | Identified the +6 morningstar of Doubt {protect, *Contam
                  | rPois rN++ Int+4} (You acquired it on level 2 of the
                  | Depths)
 69942 | Depths:2 | Identified the ring "Addozop" {Fire rElec Str+2 Int-2
                  | Dex+2} (You acquired it on level 2 of the Depths)
 70019 | Depths:3 | Learned a level 9 spell: Fire Storm
 70340 | Slime:1  | Entered Level 1 of the Pits of Slime
 71129 | Slime:5  | Entered Level 5 of the Pits of Slime
 71301 | Slime:5  | Noticed the Royal Jelly
 71307 | Slime:5  | Killed the Royal Jelly
 71469 | Slime:5  | Found the +4 dagger "Morg" {pain, MR+ Int+5}
 71596 | Slime:5  | Got a slimy rune of Zot
 71601 | Slime:5  | Identified the Catalogue of Floating Beguiling
 72189 | Depths:3 | Found Atwoubic's Assorted Antiques.
 72237 | Depths:3 | Bought a potion of agility for 180 gold pieces
 72442 | Depths:3 | Found an iron altar of Okawaru.
 72779 | Depths:3 | Identified the +0 robe "Lysk" {+Inv Int+4}
 72835 | Depths:3 | You are sucked into a shaft and drop 1 floor!
 72835 | Depths:4 | Found a one-way gate to the infinite horrors of the Abyss.
 72855 | Depths:4 | Noticed a juggernaut
 72858 | Depths:4 | Killed a juggernaut
 72973 | Depths:4 | Noticed Mara
 72977 | Depths:4 | Noticed Karazaar's illusion
 73444 | Depths:4 | Killed Mara
 74237 | Depths:5 | Entered Level 5 of the Depths
 74535 | Depths:5 | Noticed a juggernaut
 74536 | Depths:5 | Killed a juggernaut
 74587 | Depths:5 | Noticed a juggernaut
 74595 | Depths:5 | Killed a juggernaut
 74778 | Depths:5 | Paralysed by a vampire knight for 3 turns
 75421 | Depths:5 | Found a gate to the Realm of Zot.
 76226 | Depths:3 | Found a one-way gate leading to the halls of Pandemonium.
 76508 | Zig:1    | Entered Level 1 of a ziggurat
 76534 | Zig:1    | Learned a level 9 spell: Glaciate
 76535 | Zig:2    | Entered Level 2 of a ziggurat
 76556 | Zig:3    | Entered Level 3 of a ziggurat
 76557 | Zig:3    | Reached skill level 1 in Ice Magic
 76635 | Zig:4    | Entered Level 4 of a ziggurat
 76669 | Zig:5    | Entered Level 5 of a ziggurat
 76803 | Zig:5    | Identified the Compendium of the Glacier and Contamination
 76816 | Zig:6    | Entered Level 6 of a ziggurat
 76980 | Zig:7    | Entered Level 7 of a ziggurat
 77069 | Zig:7    | Got a crude garnet amulet
 77080 | Zig:8    | Entered Level 8 of a ziggurat
 77113 | Zig:9    | Entered Level 9 of a ziggurat
 77118 | Zig:9    | Noticed a juggernaut
 77120 | Zig:9    | Noticed a juggernaut
 77121 | Zig:9    | Killed a juggernaut
 77122 | Zig:9    | Killed a juggernaut
 77154 | Zig:9    | Got a heavily runed granite ring
 77158 | Zig:9    | Identified the ring "Guhaty" {Wiz rC+ Str+3 Dex+4 Stlth-}
                  | (You found it on level 9 of a ziggurat)
 77162 | Zig:9    | Identified the amulet "Jaastriuf" {Inacc rF+ Int+4 Dex-3
                  | Stlth+} (You found it on level 7 of a ziggurat)
 77168 | Zig:10   | Entered Level 10 of a ziggurat
 77173 | Zig:10   | Reached skill level 5 in Ice Magic
 77212 | Zig:10   | Identified the Reference Book on Boosts and Moulding
 77223 | Zig:11   | Entered Level 11 of a ziggurat
 77336 | Zig:12   | Entered Level 12 of a ziggurat
 77485 | Zig:13   | Entered Level 13 of a ziggurat
 77531 | Zig:13   | Got a translucent tin ring
 77538 | Zig:13   | Got a crude pewter ring
 77564 | Zig:13   | Identified the ring "Mocic" {rF+ rC+ MR+} (You found it on
                  | level 13 of a ziggurat)
 77565 | Zig:13   | Identified the ring of the Barracuda {Ice +Fly Int+3
                  | Slay-3} (You found it on level 13 of a ziggurat)
 77571 | Zig:13   | Got a wavering pewter amulet
 77572 | Zig:13   | Identified the amulet of Kedazo {Spirit rN+ Int-2 Dex+2}
                  | (You found it on level 13 of a ziggurat)
 77584 | Zig:14   | Entered Level 14 of a ziggurat
 77677 | Zig:14   | Got a pitted bone ring
 77680 | Zig:14   | Identified the ring "Rebilofatar" {+Fly rElec rN+ Str+2}
                  | (You found it on level 14 of a ziggurat)
 77688 | Zig:14   | Identified the Grimoire of Sinister Secrets and Poisoning
 77715 | Zig:14   | Identified the +9 dire flail "Woeh" {distort, rF+ Str-5
                  | Int+4 Dex+2} (You found it on level 14 of a ziggurat)
 77719 | Zig:15   | Entered Level 15 of a ziggurat
 77726 | Zig:15   | Noticed Cinoiv the pandemonium lord
 77727 | Zig:15   | Noticed Suxapp the pandemonium lord
 77727 | Zig:15   | Noticed Woruagiu the pandemonium lord
 77727 | Zig:15   | Noticed Yhaq the pandemonium lord
 77727 | Zig:15   | Noticed Wocutousm the pandemonium lord
 77727 | Zig:15   | Noticed Xuyreisu the pandemonium lord
 77727 | Zig:15   | Noticed Ofeudopt the pandemonium lord
 77731 | Zig:15   | Killed Cinoiv the pandemonium lord
 77731 | Zig:15   | Killed Xuyreisu the pandemonium lord
 77732 | Zig:15   | Killed Ofeudopt the pandemonium lord
 77732 | Zig:15   | Killed Woruagiu the pandemonium lord
 77733 | Zig:15   | Killed Suxapp the pandemonium lord
 77741 | Zig:15   | Collided with a Brimstone Fiend

Levels and vault maps discovered:
D:1:      mrwooster_arrival_statue_2, layout_loops_ring
D:2:      layout_loops_ring, grunt_temple_overflow_octagram,
          chequers_ecumenical_altar_simple_redux
D:3:      layout_basic, first_ration, minmay_misc_feat_plants, uniq_grinder
D:4:      lemuel_upstairs_altar, layout_basic, uniq_natasha
D:5:      layout_basic, lemuel_blue_sif_altar,
          minmay_temple_entry_enclosed_plants
D:6:      layout_rooms, uniq_blork_the_orc, uniq_eustachio
D:7:      layout_basic, basic_altar, ebering_ghost_rock_garden,
          david_defended_altar_elf
D:8:      layout_loops_cross, uniq_maggie
D:9:      wad_arrow_thing, layout_long_grid, lemuel_crystal_altar, basic_altar,
          ebering_ghost_xom, uniq_grum, uniq_pikel
D:10:     layout_rooms, gammafunk_ghost_cemetery
D:11:     layout_cave_pods, lair_entry_dummy, serial_ice, serial_ice_l,
          serial_ice_o, serial_ice_g, serial_ice_h, serial_ice_e, serial_ice_b,
          serial_ice_n, serial_ice_d, portal_ice_cave_rime, hangedman_ranch
          [blue_anna_fruit_fields], uniq_josephine
D:12:     layout_basic, orc_0_dummy, nicolae_wwwww, uniq_rupert
D:13:     layout_loops_ring, david_vaults_3, gammafunk_ghost_spectres,
          serial_shops, kennysheep_mini, uniq_frances
D:14:     layout_basic, kennysheep_cross_room, kennysheep_generic_room_7
D:15:     gammafunk_enter_depths_forms, layout_irregular_city, basic_altar,
          lemuel_tele_altar, gammafunk_ghost_tricky_traps
Temple:   nicolae_temple_god_jail
Lair:1:   layout_roguey, disabler_island
Lair:2:   wad_woods_stonehenge, layout_concentric_octagons,
          ebering_ghost_inner_flame, serial_bayou_shore_b
Lair:3:   layout_regular_city, minmay_swamp_entry_worms,
          guppyfry_snake_entry_island, worms_lemuel, lemuel_fruit_fields
Lair:4:   layout_small_grid, lookout_lair_type, serial_bayou_shore_b,
          lemuel_fruit_tree
Lair:5:   beast_lair_carwin_large_1, layout_gridlike
Lair:6:   cheibrodos_lair_end_hotspot, layout_gridlike,
          nicolae_slime_entry_slimehenge, serial_bayou, serial_bayou_lagoon_b,
          serial_bayou_pond_d, serial_bayou_lake_a, serial_bayou_crossing,
          special_room [special_room_mythical_zoo], serial_bayou_shore_b,
          uniq_nessos
Swamp:1:  layout_falls_marsh, hangedman_swamp_ruin_hall
Swamp:2:  layout_basic_swamp, hangedman_swamp_cone
Swamp:3:  layout_falls_marsh, hangedman_swamp_ruin_wall
Swamp:4:  swamp_alternative, layout_basic_swamp, swamp_pool4, uniq_donald
Snake:1:  layout_cave_shapes, nicolae_snake_shapes
Snake:2:  layout_onion_interference, ebering_ghost_rock_garden, special_room,
          basic_altar, drop_trap
Snake:3:  layout_gridlike, serial_shops, shop, nicolae_shop_trees, shop, shop,
          shop
Snake:4:  grunt_snake_rune_serpentine_throne, layout_cave_town,
          nrook_guardian_serpent_double, uniq_nikola, uniq_vashnia
Slime:1:  layout_caves
Slime:2:  layout_caves, cheibrodos_slime_lost_civilization_7
Slime:3:  layout_caves
Slime:4:  layout_caves, nicolae_slime_phagocytosis
Slime:5
Orc:1:    layout_caves, basic_altar
Orc:2:    st_orc_open, layout_caves, basic_altar, uniq_saint_roka
Elf:1:    layout_loops_cross, orc_legates, hangedman_elf_represent
Elf:2:    layout_geoelf_octagon
Elf:3:    minmay_elf_hall_statues, layout_geoelf_castle, serial_shops, shop,
          shop_fountains, shop
Vaults:1: v_misc_2, hangedman_vaults_snaps, grunt_vaults_funnel, v_misc_30,
          ontoclasm_vaults_gateway, v_pattern_1, layout_vaults_big_room
Vaults:2: v_misc_28, nicolae_vaults_display_case, hangedman_vaults_nodes,
          nicolae_vaults_yaktaur_gun_rack, ontoclasm_vaults_chip,
          vaults_dpeg_encased_lava, vaults_room_stairs_pillars,
          vaults_room_pools, nicolae_vaults_network_quinsquares
          [nicolae_vaults_network_quincunx_subvault,
          nicolae_vaults_network_quincunx_subvault,
          nicolae_vaults_network_quincunx_subvault,
          nicolae_vaults_network_quincunx_subvault], layout_vaults_quadrants,
          uniq_aizul
Vaults:3: v_rooms_5, vaults_room_octagon, vaults_room_fours,
          hangedman_vaults_stagger, vaults_room_fancy_cross,
          minmay_crypt_entry_simple_plaza, nicolae_vaults_specimen_jars,
          vaults_room_grid, nicolae_vaults_network_quincunx
          [nicolae_vaults_network_quincunx_subvault,
          nicolae_vaults_network_quincunx_subvault,
          nicolae_vaults_network_quincunx_subvault,
          nicolae_vaults_network_quincunx_subvault,
          nicolae_vaults_network_quincunx_subvault],
          nicolae_vaults_fighting_squares, ontoclasm_vaults_ligature,
          vaults_room_grid, hangedman_vaults_cutoff, ontoclasm_vaults_idyll,
          layout_vaults_maze_bifur, serial_shops, shop, mu_enter_wizlab_4,
          uniq_xtahua
Vaults:4: hangedman_vaults_hat, vaults_room_pools, vaults_room_corners,
          vaults_dpeg_diagonal, v_misc_4, vaults_room_boxed,
          ontoclasm_vaults_decontamination, nicolae_vaults_mini_display_case,
          v_pattern_3, layout_vaults_big_cross, serial_shops,
          nicolae_shop_temple_entry_statues_fountains
Vaults:5: serial_shops, uniq_frederick
Crypt:1:  layout_gridlike, basic_altar, uniq_bai_suzhen
Crypt:2:  layout_basic, ebering_ghost_xom
Crypt:3:  evilmike_haunted_forest
Depths:1: layout_cave_shapes, enter_ziggurat_d, hell_entry,
          kennysheep_pointless_box, minmay_swirly_circle
Depths:2: minmay_stepped, layout_cave_shapes, grunt_metal_band,
          chequers_serial_rivers_room_a, infiniplex_staircase_pillars_1,
          uniq_asterion
Depths:3: evilmike_iron_armoury, layout_gridlike, hangedman_decor_riveting,
          serial_shops, nicolae_shop_trees, hell_entry, grunt_pan_entry_zigzag,
          serial_bayou_shore_b
Depths:4: minmay_the_grid_square_5x5_5x5_mashed
          [minmay_the_grid_square_5x5_three_walls,
          minmay_the_grid_square_5x5_beaten_path,
          minmay_the_grid_square_5x5_hourglass, minmay_the_grid_square_5x5_c,
          minmay_the_grid_square_5x5_bridge,
          minmay_the_grid_square_5x5_one_wall,
          minmay_the_grid_square_5x5_prize_monsterx,
          minmay_the_grid_square_5x5_n,
          minmay_the_grid_square_5x5_prize_snowflake,
          minmay_the_grid_square_5x5_two, minmay_the_grid_square_5x5_six,
          minmay_the_grid_square_5x5_fancy_junction,
          minmay_the_grid_square_5x5_prize_rear_guard,
          minmay_the_grid_square_5x5_shuriken,
          minmay_the_grid_square_5x5_gyroscope, minmay_the_grid_square_5x5_mess,
          minmay_the_grid_square_5x5_prize_gold,
          minmay_the_grid_square_5x5_hollow_slash,
          minmay_the_grid_square_5x5_prize_open,
          minmay_the_grid_square_5x5_almost_minimal,
          minmay_the_grid_square_5x5_corner,
          minmay_the_grid_square_5x5_doubleslash,
          minmay_the_grid_square_5x5_percent,
          minmay_the_grid_square_5x5_longway,
          minmay_the_grid_square_5x5_two_small], layout_cave_pools,
          minmay_misc_feat_doors, abyss_entry, grunt_hell_entry_dis_mu,
          lightli_fourway_metalbox, uniq_margery, uniq_mara
Depths:5: grunt_zot_entry_tricorne, layout_cave_pools, hell_entry,
          corexii_hall_statues_x
Zig:15

Skill      XL: |  1  2  3  4  5  6  7  8  9 10 11 12 13 14 15 16 17 18 19 20 21 22 23 24 25 26 27 |
---------------+----------------------------------------------------------------------------------+-----
Earth Magic    | 4 5 6 7 8 9 10 11 12 13 14 15 16 17 18 19 22 | 22.0
Spellcasting   | 3 4 5 6 7 8 9 10 11 12 13 14 15 16 19 | 19.4
Conjurations   | 1 3 5 6 7 8 9 10 11 12 13 14 15 16 17 18 20 | 20.0
Fighting       | 2 3 5 6 7 9 10 11 12 13 14 15 16 17 21 | 21.3
Maces & Flails | 1 3 4 5 7 8 9 11 12 13 14 15 16 | 16.1
Armour         | 2 3 5 6 |  6.0
Dodging        | 2 3 4 5 6 7 8 9 10 11 12 13 14 15 18 | 18.5
Evocations     | 1 2 4 5 6 |  6.0
Fire Magic     | 2 6 8 10 11 13 14 15 16 18 19 22 | 22.0
Shields        | 1 5 |  5.0
Ice Magic      | 13 | 13.2
Stealth        | |  2.1
Transmutations | |  0.7

Action                   |  1- 3 |  4- 6 |  7- 9 | 10-12 | 13-15 | 16-18 | 19-21 | 22-24 | 25-27 || total
-------------------------+-------+-------+-------+-------+-------+-------+-------+-------+-------++-------
Melee: Unarmed           |    70 |       |       |       |       |       |       |       |       ||    70
       Club              |    68 |    31 |       |       |       |       |       |       |       ||    99
       Peck              |       |     4 |    17 |       |       |       |       |       |       ||    21
       Flail             |       |    14 |   186 |   396 |   462 |       |       |       |       ||  1058
       Morningstar       |       |       |       |       |   300 |   951 |   534 |   349 |  1258 ||  3392
       Staff             |       |       |       |       |       |       |       |       |    47 ||    47
Throw: Throwing net      |       |       |       |       |     1 |       |       |       |       ||     1
 Cast: Sandblast         |    18 |    57 |    83 |   104 |   289 |   112 |    64 |     7 |    22 ||   756
       Stone Arrow       |       |     2 |     2 |    12 |    57 |       |       |       |       ||    73
       Lee's Rapid Decon |       |       |    16 |    36 |    77 |    48 |    63 |   126 |    28 ||   394
       Dazzling Flash    |       |       |       |     5 |     1 |     2 |       |       |     2 ||    10
       Irradiate         |       |       |       |     2 |    25 |    65 |    33 |     6 |     4 ||   135
       Starburst         |       |       |       |       |    10 |     8 |    10 |     3 |     3 ||    34
       Iron Shot         |       |       |       |       |    13 |   137 |    92 |    89 |   207 ||   538
       Fireball          |       |       |       |       |    10 |    62 |    43 |    26 |    18 ||   159
       Shatter           |       |       |       |       |       |       |       |    24 |   146 ||   170
       Ignition          |       |       |       |       |       |       |       |       |   101 ||   101
       Fire Storm        |       |       |       |       |       |       |       |       |    82 ||    82
Invok: Renounce Religion |     1 |       |       |       |       |       |       |       |       ||     1
 Abil: Fly               |       |       |       |       |     1 |       |       |       |     1 ||     2
       Stop Flying       |       |       |       |       |       |       |       |       |     2 ||     2
Evoke: Wand              |       |       |     5 |    33 |     7 |     2 |    10 |     1 |     3 ||    61
       Fan of gales      |       |       |       |     1 |     3 |     2 |       |       |       ||     6
       Phantom mirror    |       |       |       |       |       |       |       |       |     1 ||     1
  Use: Potion            |       |     4 |     2 |     6 |     8 |     3 |    11 |     9 |    19 ||    62
       Scroll            |       |     7 |     8 |     7 |    21 |    20 |     7 |     4 |    30 ||   104
 Stab: Sleeping          |     2 |       |     2 |     1 |     3 |       |     3 |       |       ||    11
       Distracted        |       |     1 |       |       |     1 |       |     1 |       |       ||     3
       Invisible         |       |       |       |     1 |       |     2 |       |       |       ||     3
       Confused          |       |       |       |       |       |     1 |       |       |       ||     1
  Eat: Chunk             |     4 |     5 |    18 |    20 |    39 |   114 |    61 |    56 |   110 ||   427
       Ration            |       |       |       |     2 |     8 |     6 |       |       |    31 ||    47
Armor: Robe              |    50 |    72 |   120 |       |       |       |       |       |   143 ||   385
       Steam dragon scal |       |       |    20 |   338 |   669 |   932 |   393 |   239 |   598 ||  3189
Dodge: Dodged            |   109 |    69 |   162 |   427 |   984 |  1496 |   668 |   349 |  1303 ||  5567
Block: Buckler           |       |       |       |       |       |       |       |    23 |   505 ||   528

Table legend:
 A = Non-vault XP
 B = Vault XP
 C = Vault XP percentage of total XP
 D = Non-vault monster count
 E = Vault monster count
 F = Vault count percentage of total count
                 A         B        C        D         E       F
            +---------+---------+-------+---------+---------+-------
      Total | 1037254 |  772790 |  42.7 |    1880 |     956 |  33.7
            +---------+---------+-------+---------+---------+-------
        D:1 |      28 |       0 |   0.0 |      16 |       0 |   0.0
        D:2 |      52 |       0 |   0.0 |      15 |       0 |   0.0
        D:3 |     170 |     254 |  59.9 |      27 |       1 |   3.6
        D:4 |     189 |      33 |  14.9 |       8 |       1 |  11.1
        D:5 |    1166 |       0 |   0.0 |      30 |       0 |   0.0
        D:6 |     241 |     301 |  55.5 |       6 |       2 |  25.0
        D:7 |     848 |     763 |  47.4 |      22 |       1 |   4.3
        D:8 |     783 |     404 |  34.0 |      20 |       1 |   4.8
        D:9 |    3101 |    5825 |  65.3 |      21 |      18 |  46.2
       D:10 |    1017 |    2899 |  74.0 |      10 |       3 |  23.1
       D:11 |    6132 |    6500 |  51.5 |      45 |      28 |  38.4
       D:12 |    3198 |    3150 |  49.6 |      25 |       1 |   3.8
       D:13 |    8780 |   10745 |  55.0 |      32 |      27 |  45.8
       D:14 |   14525 |     243 |   1.6 |      40 |       1 |   2.4
       D:15 |    8505 |    3777 |  30.8 |      31 |      10 |  24.4
     Lair:1 |    2729 |     350 |  11.4 |      10 |       4 |  28.6
     Lair:2 |    1790 |    4016 |  69.2 |      10 |      10 |  50.0
     Lair:3 |    4344 |    1246 |  22.3 |      17 |       7 |  29.2
     Lair:4 |    2086 |       0 |   0.0 |       7 |       0 |   0.0
     Lair:5 |    4991 |    4138 |  45.3 |      20 |       9 |  31.0
     Lair:6 |   17479 |   14520 |  45.4 |      56 |      55 |  49.5
    Swamp:1 |   15926 |       0 |   0.0 |      31 |       0 |   0.0
    Swamp:2 |   12711 |       0 |   0.0 |      26 |       0 |   0.0
    Swamp:3 |   12308 |    1434 |  10.4 |      35 |       4 |  10.3
    Swamp:4 |   19029 |   21610 |  53.2 |      47 |      26 |  35.6
    Snake:1 |   15684 |    4326 |  21.6 |      27 |       8 |  22.9
    Snake:2 |   14725 |    2178 |  12.9 |      28 |       1 |   3.4
    Snake:3 |   26746 |       0 |   0.0 |      53 |       0 |   0.0
    Snake:4 |   23992 |   59073 |  71.1 |      49 |      72 |  59.5
    Slime:1 |   12182 |       0 |   0.0 |      26 |       0 |   0.0
    Slime:2 |   17945 |    2591 |  12.6 |      29 |       3 |   9.4
    Slime:3 |   12261 |       0 |   0.0 |      26 |       0 |   0.0
    Slime:4 |   20032 |    1067 |   5.1 |      32 |       4 |  11.1
    Slime:5 |    5807 |   28361 |  83.0 |       5 |      13 |  72.2
      Orc:1 |    2184 |      43 |   1.9 |      23 |       2 |   8.0
      Orc:2 |    1718 |   20913 |  92.4 |      15 |      48 |  76.2
      Elf:1 |   12705 |   17784 |  58.3 |      21 |      33 |  61.1
      Elf:2 |   12229 |     913 |   6.9 |      19 |       1 |   5.0
      Elf:3 |   18309 |   56243 |  75.4 |      38 |      36 |  48.6
   Vaults:1 |   22903 |   15700 |  40.7 |      44 |      28 |  38.9
   Vaults:2 |   35741 |   17534 |  32.9 |      60 |      28 |  31.8
   Vaults:3 |   38649 |   23541 |  37.9 |      63 |      22 |  25.9
   Vaults:4 |   37666 |   40181 |  51.6 |      57 |      48 |  45.7
   Vaults:5 |   13642 |  118497 |  89.7 |      22 |      84 |  79.2
    Crypt:1 |   21496 |    4799 |  18.3 |      34 |       1 |   2.9
    Crypt:2 |   22767 |       0 |   0.0 |      37 |       0 |   0.0
    Crypt:3 |       0 |   68822 | 100.0 |       0 |     108 | 100.0
   Depths:1 |   54838 |   26268 |  32.4 |      74 |      18 |  19.6
   Depths:2 |   64520 |   20887 |  24.5 |      79 |      14 |  15.1
   Depths:3 |   29320 |   19889 |  40.4 |      42 |      28 |  40.0
   Depths:4 |   39936 |   90824 |  69.5 |      45 |      57 |  55.9
   Depths:5 |   31828 |   25927 |  44.9 |      24 |      15 |  38.5
    Abyss:2 |   40268 |    3821 |   8.7 |      76 |      12 |  13.6
    Abyss:4 |   14827 |       0 |   0.0 |      19 |       0 |   0.0
      Zig:1 |    1208 |    2246 |  65.0 |       2 |       4 |  66.7
      Zig:2 |    4390 |       0 |   0.0 |       2 |       0 |   0.0
      Zig:3 |    6241 |       0 |   0.0 |       3 |       0 |   0.0
      Zig:4 |    4747 |       0 |   0.0 |       7 |       0 |   0.0
      Zig:5 |    5462 |       0 |   0.0 |       9 |       0 |   0.0
      Zig:6 |   12503 |       0 |   0.0 |       7 |       0 |   0.0
      Zig:7 |   18295 |       0 |   0.0 |       8 |       0 |   0.0
      Zig:8 |    4508 |       0 |   0.0 |      14 |       0 |   0.0
      Zig:9 |   21971 |       0 |   0.0 |      18 |       0 |   0.0
     Zig:10 |   13777 |    2445 |  15.1 |      18 |       4 |  18.2
     Zig:11 |   16539 |       0 |   0.0 |      22 |       0 |   0.0
     Zig:12 |   18915 |       0 |   0.0 |      24 |       0 |   0.0
     Zig:13 |   19519 |       0 |   0.0 |      29 |       0 |   0.0
     Zig:14 |   26074 |       0 |   0.0 |      26 |       0 |   0.0
     Zig:15 |   56057 |       0 |   0.0 |      17 |       0 |   0.0
      IceCv |       0 |   14453 | 100.0 |       0 |      54 | 100.0
     WizLab |       0 |    1256 | 100.0 |       0 |       1 | 100.0
            +---------+---------+-------+---------+---------+-------
